 Dungeon Crawl Stone Soup version 0.27-a0-1149-g4505690ab0 (webtiles) character file.

Game seed: 18150835239102070672

13689 Armakuni the Holy Warrior (level 12, -1/97 HPs)
             Began as a Human Artificer on May 13, 2021.
             Was a Priest of the Shining One.
             Slain by a slime creature (7 damage)
             ... on level 12 of the Dungeon.
             The game lasted 00:32:59 (13156 turns).

Armakuni the Holy Warrior (Human Artificer)        Turns: 13156, Time: 00:32:59

Health: -1/97      AC: 12    Str: 21    XL:     12   Next: 35%
Magic:  19/22      EV: 12    Int: 24    God:    the Shining One [***...]
Gold:   311        SH: 17    Dex: 14    Spells: 11/11 levels left

rFire    . . .     SeeInvis .   b - +2 scimitar (flame)
rCold    . . .     Faith    +   o - +0 buckler
rNeg     + . .     Spirit   .   A - +1 scale mail of Ikho {Will++}
rPois    .         Reflect  .   f - +0 helmet
rElec    .         Harm     .   n - +0 cloak
rCorr    .         Rampage  .   (no gloves)
Will     ++...                  r - +0 pair of boots
Stlth    ..........             U - amulet of faith
HPRegen  0.26/turn              V - ring of Mirth {Str+4 Int+6}
MPRegen  0.18/turn              I - +6 ring of intelligence

@: divinely shielded, glowing
A: no striking features
a: Renounce Religion, Divine Shield


You were on level 12 of the Dungeon.
You worshipped the Shining One.
The Shining One was most pleased with you.
You visited 2 branches of the dungeon, and saw 14 of its levels.

You collected 497 gold pieces.
You spent 186 gold pieces at shops.

Inventory:

Hand Weapons
 a - a +3 rapier of venom
 b - a +2 scimitar of flaming (weapon)
 u - a +0 quarterstaff
Missiles
 q - 2 curare-tipped darts
 t - 5 silver javelins
 w - 7 javelins
Armour
 d - a +1 chain mail of poison resistance
 f - a +0 helmet (worn)
 n - a +0 cloak (worn)
 o - a +0 buckler (worn)
 r - a +0 pair of boots (worn)
 A - the +1 scale mail of Ikho (worn) {Will++}
   (You found it on level 9 of the Dungeon)

   It greatly increases your willpower.
Jewellery
 D - an amulet of reflection
 I - a +6 ring of intelligence (right hand)
 U - an amulet of faith (around neck)
 V - the ring of Mirth (left hand) {Str+4 Int+6}
   (You bought it in a shop on level 8 of the Dungeon)

   [ring of intelligence]

   It affects your strength (+4).
   It affects your intelligence (+6).
Wands
 p - a wand of polymorph (20)
 y - a wand of mindburst (8)
Scrolls
 s - a scroll of immolation
Potions
 c - 2 potions of magic
 h - 2 potions of flight
 m - 3 potions of cancellation
 C - a potion of lignification
Miscellaneous
 e - a piece from Xom's chessboard (inert) (quivered)


   Skills:
 - Level 10.0 Fighting
 - Level 5.0 Short Blades
 - Level 0.5 Maces & Flails
 - Level 5.0 Armour
 - Level 5.0 Dodging
 - Level 1.0 Stealth
 - Level 4.0 Shields
 + Level 14.0 Invocations
 - Level 3.0 Evocations


You had 11 spell levels left.
You didn't know any spells.
Your spell library contained the following spells:

 Spells                   Type           Power      Damage    Failure   Level
 Pain                     Necr           0%         1d4       36%         1
 Sting                    Tmut/Pois      0%         1d3       36%         1
 Poisonous Vapours        Pois/Air       0%         N/A       50%         2
 Ignite Poison            Fire/Tmut/Pois 0%         N/A       75%         3
 Mephitic Cloud           Conj/Pois/Air  0%         N/A       75%         3
 Olgreb's Toxic Radiance  Pois           0%         N/A       98%         4


Dungeon Overview and Level Annotations

Branches:
Dungeon (13/15)            Temple (1/1) D:4             Orc (0/2) D:9
   Lair: D:8-11      Vaults: D:13-14

Altars:
Ashenzari
Cheibriados
Dithmenos
Elyvilon
Fedhas
Gozag
Hepliaklqana
Kikubaaqudgha
Makhleb
Nemelex Xobeh
Okawaru
Qazlal
Ru
Sif Muna
Trog
Uskayaw
Vehumet
Wu Jian
Xom
Yredelemnul
Zin
The Shining One

Shops:
D:2 (:[*=   D:6 ?   D:8 *!*   D:9 *

Annotations:
D:12 Fannar


Message History

You kill the slime creature!
Your Invocations skill increases to level 14!
You bump into the rock wall.
You feel less invigorated.
You feel less confused. The ice beast hits you.
* * * LOW HITPOINT WARNING * * *
The ice beast freezes you!
* * * LOW HITPOINT WARNING * * *
Non-targeted evoke: piece from Xom's chessboard (1/15)
Press: ? - help, Q - select action, (/) - cycle Dir - look around, f - activate You make a move on Xom's chessboard...
The slime creature twists and deforms.
The chess piece greys!
The ice beast barely misses you.
A two-headed ogre comes into view.
It is wielding a +0 giant club and a +0 dire flail.
Unknown command.
Aiming: Polymorph
Press: ? - help, Shift-Dir - straight line, f - ice beast
Aim: an ice beast (summoned, haloed, will become a tengu, a wyvern, or a sky beast, chance to affect: 54%)
Okay, then.
Unknown command.
Okay, then.
Okay, then.
Unknown command.
Aiming: Mindburst
Press: ? - help, Shift-Dir - straight line
Okay, then.
Unknown command.
Your shield is strengthened by the Shining One's divine power.
The two-headed ogre shouts in stereo!
A cyan ugly thing comes into view.
Aiming: Mindburst
Press: ? - help, Shift-Dir - straight line, f - two-headed ogre
Aim: a two-headed ogre, wielding a +0 giant club and a +0 dire flail (chance to affect: 62%)
The two-headed ogre's mind is blasted!
The cyan ugly thing gurgles horribly!
Aiming: Mindburst
Press: ? - help, Shift-Dir - straight line, f/p - two-headed ogre
Aim: a two-headed ogre, wielding a +0 giant club and a +0 dire flail (moderately wounded, haloed, chance to affect: 62%)
The two-headed ogre's mind is blasted!
The slime creature hits you!
You die...

##. #.. . ##.#### ..
#.....### ...###
#.......# ..O.# #u....#
#..###JY...# #.@JYWeJ.)#
# #####Y.<..# .# #.....#
####.# ####.## #....#
#..# ###'#######
#####.####### #.........#
#...........# #..)......#
#...........#
#.........###............


You could see Fannar, 3 slime creatures, a two-headed ogre, 3 ice beasts and a
shadow (invisible).

Vanquished Creatures
  A hydra (D:12)
  Erica (D:8)
  5 two-headed ogres
  The ghost of 1player the Basher, a novice DrAK of Lugonu (D:8)
  A deep elf pyromancer (D:12)
  Maurice (D:8)
  2 trolls
  3 hornets
  A slime creature (D:12)
  11 yaks
  A wyvern (D:9)
  A vampire (D:13)
  Eustachio (D:5)
  2 vampire mosquitoes (D:12)
  Duvessa (D:5)
  3 water moccasins
  7 orc warriors
  A swamp drake (D:9)
  2 black bears
  2 iguanas
  A necrophage (D:5)
  3 ogres
  4 centaurs
  2 kobold brigands
  A bullfrog (D:8)
  3 orc priests
  Dowan (D:5)
  A wyvern zombie (D:6)
  5 scorpions
  A wyvern skeleton (D:7)
  A water moccasin skeleton (D:4)
  4 killer bees
  4 wights
  3 howler monkeys
  3 centaur zombies
  2 bullfrog zombies
  A centaur skeleton (D:6)
  A hound (D:6)
  3 jellies (D:9)
  A bullfrog skeleton (D:7)
  A gnoll shaman (D:4)
  8 orc wizards
  3 howler monkey zombies
  Robin (D:4)
  3 gnolls
  2 howler monkey skeletons
  6 adders
  A river rat (D:9)
  2 shadow imps
  2 white imps
  An ufetubus (D:4)
  3 worms
  A dart slug (D:1)
  20 orcs
  5 ball pythons
  9 endoplasms
  3 giant cockroaches (D:2)
  15 goblins
  11 hobgoblins
  8 jackals
  16 kobolds
  3 quokkas
  8 bats
  5 frilled lizards
  A quokka skeleton (D:4)
  3 rats
234 creatures vanquished.

Vanquished Creatures (collateral kills)
  Menkaure (D:5)
  A phantom (D:4)
  3 wights (D:7)
  An orc priest (D:7)
  5 orcs (D:7)
11 creatures vanquished.

Vanquished Creatures (others)
  A water moccasin (D:7)
  A necrophage (D:5)
  An ogre (D:5)
  12 plants (D:9)
15 creatures vanquished.

Grand Total: 260 creatures vanquished

Notes
Turn   | Place    | Note
-------+----------+-------------------------------------------
     0 | D:1      | Armakuni the Human Artificer began the quest for the Orb.
     0 | D:1      | Reached XP level 1. HP: 15/15 MP: 1/1
   263 | D:1      | Reached XP level 2. HP: 14/21 MP: 2/2
   264 | D:1      | Reached skill level 1 in Short Blades
   704 | D:1      | Reached XP level 3. HP: 22/26 MP: 3/3
  1495 | D:2      | Found Tinowk's General Store.
  1649 | D:2      | Found Qaseot's Jewellery Emporium.
  1696 | D:2      | Reached XP level 4. HP: 31/33 MP: 4/4
  1844 | D:2      | Found Opre Jut's Antique Armour Boutique.
  1999 | D:2      | Found Favysch's Book Shop.
  2007 | D:2      | Found Arirav's Antique Weapon Shoppe.
  2146 | D:2      | Found a stormy altar of Qazlal.
  3062 | D:3      | Reached XP level 5. HP: 35/39 MP: 5/5
  3481 | D:4      | Noticed a phantom
  3482 | D:4      | Noticed an ogre
  3484 | D:4      | Found a staircase to the Ecumenical Temple.
  3489 | D:4      | Noticed a black bear
  3500 | D:4      | Killed a black bear
  3501 | D:4      | Reached XP level 6. HP: 32/46 MP: 6/6
  3601 | D:4      | Killed an ogre
  3643 | Temple   | Entered the Ecumenical Temple
  3901 | D:4      | Reached XP level 7. HP: 37/52 MP: 7/7
  4012 | D:4      | Noticed Robin
  4026 | D:4      | Killed Robin
  4296 | D:4      | Found a shadowy altar of Dithmenos.
  4818 | D:4      | Found a radiant altar of Vehumet.
  4832 | D:4      | Found an ancient bone altar of Kikubaaqudgha.
  4833 | D:4      | Found a shimmering blue altar of Sif Muna.
  4838 | D:4      | Identified Kikubaaqudgha's Catalogue of Dark Magic
  5092 | D:5      | Entered Level 5 of the Dungeon
  5092 | D:5      | Noticed Menkaure
  5108 | D:5      | Killed Menkaure
  5151 | D:4      | Reached XP level 8. HP: 35/60 MP: 8/8
  5680 | D:5      | Noticed Duvessa
  5680 | D:5      | Noticed Dowan
  5698 | D:5      | Killed Duvessa
  5699 | D:5      | Killed Dowan
  5700 | D:5      | Reached skill level 5 in Fighting
  5710 | D:5      | Noticed Eustachio
  5719 | D:5      | Reached skill level 5 in Armour
  5731 | D:5      | Killed Eustachio
  5732 | D:5      | Reached skill level 5 in Dodging
  5737 | D:5      | Reached XP level 9. HP: 37/68 MP: 9/9
  6024 | D:5      | Found a white marble altar of Elyvilon.
  6024 | D:5      | Found a sparkling altar of Nemelex Xobeh.
  6026 | D:5      | Found a shimmering altar of Xom.
  6026 | D:5      | Found a hazy altar of Hepliaklqana.
  6027 | D:5      | Found a glowing golden altar of the Shining One.
  6035 | D:5      | Became a worshipper of the Shining One
  6476 | D:6      | Found Zioshrof's Magic Scroll Shop.
  7228 | D:6      | Reached * piety under the Shining One
  7229 | D:6      | Reached skill level 5 in Short Blades
  8147 | D:7      | Reached ** piety under the Shining One
  8148 | D:7      | Killed an orc warrior
  8224 | D:7      | Reached XP level 10. HP: 78/82 MP: 10/10
  8255 | D:7      | Found a bloodstained altar of Trog.
  8439 | D:8      | Noticed Maurice
  8455 | D:8      | Killed Maurice
  8456 | D:8      | Reached skill level 10 in Fighting
  8532 | D:8      | Reached skill level 1 in Invocations
  8557 | D:8      | Reached skill level 3 in Invocations
  8724 | D:8      | Reached skill level 4 in Invocations
  8724 | D:8      | Found a runed translucent door.
  8730 | D:8      | Noticed 1player's ghost (novice DrAK)
  8761 | D:8      | Killed 1player's ghost
  8762 | D:8      | Reached skill level 5 in Invocations
  8897 | D:8      | Reached skill level 6 in Invocations
  9091 | D:8      | Found Xanidwiu's Distillery.
  9100 | D:8      | Bought a potion of degeneration for 15 gold pieces
  9110 | D:8      | Found Qahoyr's Assorted Antiques.
  9118 | D:8      | Bought a coiled granite ring for 110 gold pieces
  9118 | D:8      | Identified the ring of Mirth {Str+4 Int+6} (You bought it
                  | in a shop on level 8 of the Dungeon)
  9118 | D:8      | Bought a scroll labelled GYTWYWK SUTOX for 22 gold pieces
  9186 | D:8      | Reached skill level 7 in Invocations
  9415 | D:8      | Reached *** piety under the Shining One
  9427 | D:8      | Reached skill level 8 in Invocations
  9427 | D:8      | Reached XP level 11. HP: 69/90 MP: 15/17
  9601 | D:8      | Noticed Erica
  9618 | D:8      | Killed Erica
  9619 | D:8      | Reached skill level 9 in Invocations
  9755 | D:8      | Found Jujijuot's General Store.
  9843 | D:9      | Noticed a two-headed ogre
  9858 | D:9      | Killed a two-headed ogre
  9859 | D:9      | Reached skill level 10 in Invocations
  9878 | D:9      | Found a staircase to the Orcish Mines.
  9878 | D:9      | Found Zin's Purification Station.
  9883 | D:9      | Found a glowing silver altar of Zin.
  9891 | D:9      | Noticed a two-headed ogre
 10143 | D:8      | Bought a scroll of teleportation for 39 gold pieces
 10216 | D:8      | Killed a two-headed ogre
 10515 | D:9      | Noticed a +0 dagger
 10515 | D:9      | Noticed a +0 hand axe
 10526 | D:9      | Found a hide-covered altar of Uskayaw.
 10551 | D:9      | Reached skill level 11 in Invocations
 10621 | D:9      | Noticed a two-headed ogre
 10639 | D:9      | Killed a two-headed ogre
 10968 | D:9      | Identified the +1 scale mail of Ikho {Will++}
 11832 | D:10     | Entered Level 10 of the Dungeon
 11904 | D:10     | Reached skill level 12 in Invocations
 12047 | D:10     | Noticed a two-headed ogre
 12057 | D:10     | Killed a two-headed ogre
 12099 | D:10     | Found a burning altar of Makhleb.
 12140 | D:10     | You fall into a shaft and drop 3 floors!
 12140 | D:13     | Found a hazy altar of Hepliaklqana.
 12231 | D:12     | Noticed a two-headed ogre
 12253 | D:12     | Killed a two-headed ogre
 12254 | D:12     | Reached XP level 12. HP: 23/97 MP: 19/21
 12665 | D:11     | Noticed Fannar
 12697 | D:12     | Reached skill level 13 in Invocations
 13126 | D:12     | Noticed an eight-headed hydra
 13143 | D:12     | Killed a two-headed hydra
 13152 | D:12     | Reached skill level 14 in Invocations
 13153 | D:12     | Noticed a two-headed ogre
 13156 | D:12     | Slain by a slime creature

Illustrated notes

Levels and vault maps discovered:
D:1:      dpeg_arrival_shrine, layout_basic, minmay_misc_feat_rows,
          corexii_item_surrounded_by_moat
D:2:      layout_loops_ring, basic_altar, serial_shops,
          nicolae_shop_behind_doors, shop, nicolae_shop_behind_doors, shop,
          nicolae_shop_temple_entry_statues_fountains
D:3:      layout_loops_cross, corexii_hall_statues_l, minivault_4,
          minmay_crystal_room
D:4:      layout_loops_ring, grunt_temple_overflow_magic_moments,
          nicolae_overflow_crystal_walls, minmay_temple_entry_ruins, uniq_robin
D:5:      layout_basic, grunt_temple_overflow_open, nicolae_zen_rock_garden,
          uniq_menkaure, uniq_duvessa, uniq_eustachio
D:6:      layout_cave_pods, serial_shops, nicolae_shop_waterfront
D:7:      layout_rooms, general_overflow_altar
D:8:      layout_loops_ring, serial_shops, nicolae_shop_overgrown_old_shop,
          shop_statue, shop, ebering_ghost_reflecting_pool, uniq_erica,
          uniq_maurice
D:9:      layout_cave_pools, dancing_weapons_uskayaw, zin_purify, orc_0_dummy,
          serial_bayou, serial_bayou_pond_b, serial_bayou_crossing,
          serial_bayou_ford_a, serial_bayou_lake_a, enter_bailey_6
D:10:     layout_roguey, overflow_temple_1_default, hangedman_minor_magic
D:11:     minmay_curly_fans, layout_basic, lair_entry_dummy, serial_shops, shop,
          due_unseen_surprise, uniq_fannar, uniq_grum
D:12:     layout_roguey, special_room [special_room_orc], serial_shops,
          nicolae_shop_window_shopping, uniq_josephine
D:13:     layout_cave_pools, serial_column_ruins, column_ruins_hut_ruined,
          column_ruins_hut, column_ruins_grid_1, column_ruins_columns_straight,
          column_ruins_open_tiny, column_ruins_grid_1,
          column_ruins_columns_straight, column_ruins_corridor_straight,
          chequers_serial_rivers_micro_b, nicolae_hepliaklqana_hazy_memory
Temple:   jpeg_temple_island

Skill      XL: |  1  2  3  4  5  6  7  8  9 10 11 12 |
---------------+-------------------------------------+-----
Short Blades   | 1 2 3 5 |  5.0
Fighting       | 2 3 4 5 8 10 | 10.0
Shields        | 3 4 |  4.0
Dodging        | 3 5 |  5.0
Armour         | 3 5 |  5.0
Invocations    | 8 12 14 | 14.0
Maces & Flails | |  0.5
Stealth        | |  1.0
Evocations     | |  3.0

Action                   |  1- 3 |  4- 6 |  7- 9 | 10-12 || total
-------------------------+-------+-------+-------+-------++-------
Melee: Dagger            |   105 |    83 |   156 |       ||   344
       Club              |     7 |       |       |       ||     7
       Rapier            |       |       |   168 |   405 ||   573
       Unarmed           |       |       |    18 |       ||    18
       Scimitar          |       |       |       |    12 ||    12
Invok: Divine Shield     |       |       |       |    11 ||    11
Evoke: Piece from Xom's  |     1 |     5 |     7 |    17 ||    30
       Wand              |     2 |    21 |     7 |    19 ||    49
  Use: Potion            |     1 |     3 |       |    11 ||    15
       Scroll            |       |     1 |     6 |     7 ||    14
 Stab: Sleeping          |       |     1 |       |       ||     1
       Petrified         |       |     3 |       |       ||     3
       Paralysed         |       |     1 |       |       ||     1
Armor: Leather armour    |    16 |       |       |       ||    16
       Ring mail         |    22 |    33 |   117 |    75 ||   247
       Skin              |       |       |     1 |     5 ||     6
       Scale mail        |       |       |       |    64 ||    64
Dodge: Dodged            |    75 |    32 |   181 |   247 ||   535
Block: Buckler           |       |    10 |    53 |   198 ||   261

Table legend: (Time is in decaauts)
 A = Elapsed time spent in this place.
 B = Non-inter-level travel time spent in this place.
 C = Inter-level travel time spent in this place.
 D = Time resting spent in this place.
 E = Time spent auto-exploring this place.
 F = Levels seen in this place.
 G = Mean time per level.
                   A        B        C        D        E       F      G
               +--------+--------+--------+--------+--------+-----+--------+
         Total |  13175 |  12650 |    525 |   3332 |   6729 |  14 |  941.1 |
       Dungeon |  12888 |  12372 |    516 |   3332 |   6473 |  13 |  991.4 |
        Temple |    286 |    277 |      9 |      0 |    256 |   1 |  286.0 |
               +--------+--------+--------+--------+--------+-----+--------+

Top non-repeatable levels by time:
     D:8: 1920 daAuts
     D:4: 1761 daAuts
     D:1: 1484 daAuts
     D:9: 1287 daAuts
     D:6: 1141 daAuts
     D:7: 1139 daAuts
     D:5: 1035 daAuts
     D:3: 931 daAuts
    D:12: 900 daAuts
     D:2: 881 daAuts
    D:10: 304 daAuts
  Temple: 286 daAuts
    D:13: 90 daAuts
    D:11: 10 daAuts
